 Dungeon Crawl Stone Soup version 0.20.2-3-g29329e0561 (webtiles) character file.

176 Pixllover the Chopper (level 5, -4/47 HPs)
             Began as a Minotaur Berserker on July 25, 2021.
             Was a Believer of Trog.
             Slain by Natasha (8 damage)
             ... on level 3 of the Dungeon.
             The game lasted 00:04:59 (1762 turns).

Pixllover the Chopper (Minotaur Berserker)          Turns: 1762, Time: 00:05:00

Health: -4/47      AC:  7    Str: 22    XL:     5   Next: 30%
Magic:  4/4        EV: 12    Int:  4    God:    Trog [**....]
Gold:   79         SH:  0    Dex: 10    Spells: 4/4 levels left

rFire    . . .     SeeInvis .   a - +0 hand axe
rCold    . . .     Gourm    .   (no shield)
rNeg     . . .     Faith    +   e - +0 ring mail
rPois    .         Spirit   .   (helmet restricted)
rElec    .         Reflect  .   (no cloak)
rCorr    .         Harm     .   f - +0 pair of gloves
MR       .....                  (no boots)
Stlth    +.........             k - amulet of faith
Regen    0.2/turn               (no ring)
MPRegen  0.1/turn               (no ring)

@: no status effects
A: retaliatory headbutt, horns 2
a: Berserk, Trog's Hand, Burn Spellbooks, Renounce Religion


You were on level 3 of the Dungeon.
You worshipped Trog.
Trog was pleased with you.
You were not hungry.

You visited 1 branch of the dungeon, and saw 3 of its levels.

You collected 79 gold pieces.

Inventory:

Hand Weapons
 a - a +0 hand axe (weapon)
Armour
 b - a +0 animal skin
 e - a +0 ring mail (worn)
 f - a +0 pair of gloves (worn)
Jewellery
 k - an amulet of faith (around neck)
Scrolls
 g - a scroll of teleportation {unknown}
 i - a scroll of amnesia {unknown}
 j - 3 scrolls of enchant weapon {unknown}
 n - a scroll of identify
 o - a scroll of random uselessness {unknown}
Potions
 d - a potion of agility
 l - a potion of heal wounds
Comestibles
 c - a bread ration
 h - 2 meat rations
 m - 6 chunks of flesh


   Skills:
 + Level 4.5 Fighting
 + Level 5.2 Axes
 + Level 3.9 Armour
 + Level 3.1 Dodging
 + Level 0.3 Stealth


You had 4 spell levels left.
You didn't know any spells.

Dungeon Overview and Level Annotations

Branches:
Dungeon (3/15)

Altars:
Xom

Annotations:
D:3 Natasha


Innate Abilities, Weirdness & Mutations

You reflexively headbutt those who attack you in melee.
You have a pair of horns on your head.


Message History

You barely miss the iron imp.
The iron imp is severely wounded.
You closely miss Natasha. Natasha closely misses you.
The iron imp hits you but does no damage.
You hit the iron imp but do no damage.
The iron imp is severely wounded.
You miss Natasha. Natasha claws you.
* * * LOW HITPOINT WARNING * * *
The iron imp hits you but does no damage.
You hit the iron imp.
You kill the iron imp!
You miss Natasha.
Natasha mewls in sadness.
Natasha claws you.
* * * LOW HITPOINT WARNING * * *
You closely miss Natasha. Your headbutt misses Natasha.
You hit the shadow imp but do no damage.
The shadow imp completely misses you. You furiously retaliate!
You headbutt the shadow imp. Natasha claws you!
You die...

.#.#.#...#.<....#
.#.#.###.########..
.#.#.#............
.#.#.#.#........#. .#.#
#.#.........#.. .#.#
#.#.#####...#.# .#.# #.#.#
#..$#.# [#.# #.#.# #
#.h5#.# .# #.#.# #.#..@#.#
.# #.#.#.#.#.#...# .# #.#
#.........# .#####.#
###.#.#...####### .#.....#
...#...........#
.#.#############..).....##
.#.........[...'..).....+
###############..).....#
#........#


You could see Natasha and a shadow imp.

Vanquished Creatures
  An orc wizard (D:3)
  Ijyb (D:3)
  Jessica (D:2)
  3 adders
  2 oozes (D:1)
  3 worms (D:2)
  A leopard gecko (D:1)
  3 orcs (D:3)
  5 bats
  2 giant cockroaches
  6 goblins
  6 hobgoblins
  4 frilled lizards
  10 kobolds
  5 rats (D:2)
53 creatures vanquished.

Notes
Turn   | Place    | Note
-------+----------+-------------------------------------------
     0 | D:1      | Pixllover the Minotaur Berserker began the quest for the Orb.
     0 | D:1      | Reached XP level 1. HP: 19/19 MP: 0/0
   146 | D:1      | Found a shimmering altar of Xom.
   218 | D:1      | Reached skill level 4 in Axes
   218 | D:1      | Reached XP level 2. HP: 23/27 MP: 1/1
   697 | D:2      | Reached XP level 3. HP: 30/33 MP: 2/2
   723 | D:2      | Noticed Jessica
   729 | D:2      | Reached ** piety under Trog
   732 | D:2      | Killed Jessica
   840 | D:2      | Reached XP level 4. HP: 30/41 MP: 3/3
  1725 | D:3      | Reached skill level 5 in Axes
  1725 | D:3      | Reached XP level 5. HP: 38/47 MP: 4/4
  1739 | D:3      | Noticed Ijyb
  1748 | D:3      | Noticed Natasha
  1755 | D:3      | Killed Ijyb
  1762 | D:3      | Slain by Natasha

Skill      XL: |  1  2  3  4 |
---------------+-------------+-----
Axes           | 4 5 |  5.2
Fighting       | 4 |  4.5
Armour         | 3 |  3.9
Dodging        | 3 |  3.1
Stealth        | |  0.3

Action                   |  1- 3 |  4- 6 || total
-------------------------+-------+-------++-------
Melee: Hand axe          |    69 |    68 ||   137
       Headbutt          |     6 |     9 ||    15
  Use: Scroll            |     3 |       ||     3
       Potion            |       |     1 ||     1
  Eat: Chunk             |       |     3 ||     3
Armor: Ring mail         |    27 |    25 ||    52
Dodge: Dodged            |    50 |    42 ||    92
